TOP OF THE 1ST |
Santa Monica Bruins batting - Pitching for Redwood City Redwoods : RHP Manabu Mizuno
|
Pitching: RHP Manabu Mizuno
|
|
Batting: LHB Francisco Medina
|
0-0: Ball 1-0: Foul Ball, location: 2F 1-1: SOLO HOME RUN (Flyball, 89XD), Distance : 403 ft
|
Batting: RHB Roberto Cruz
|
0-0: Foul Ball, location: 2F 0-1: Ball 1-1: DOUBLE (Flyball, 7D)
|
Batting: RHB Alfredo López
|
0-0: Foul Ball, location: 2F 0-1: Called Strike 0-2: Ball 1-2: Strikes out looking
|
Batting: SHB Ken Hernández
|
0-0: SINGLE (Line Drive, 56D) Roberto Cruz to third Runner from 3rd tries for Home, SAFE, no throw
|
Batting: RHB Johnny Williams
|
Pickoff Throw to First - Error! E1 Ken Hernández to second 0-0: Foul Ball, location: 2F 0-1: Ball 1-1: Called Strike 1-2: Ball 2-2: Ball 3-2: Foul Ball, location: 2F 3-2: SINGLE (Flyball, 9LS) Ken Hernández to third Runner from 3rd tries for Home, SAFE, no throw
|
Batting: LHB Ramiro Martínez
|
0-0: Called Strike 0-1: Ball 1-1: Fly out, F8 (Flyball, 8LD)
|
Batting: SHB Chris Woods
|
0-0: Foul Ball, location: 2F 0-1: Ball 1-1: Called Strike 1-2: Ball 2-2: Foul Ball, location: 2F 2-2: Ball 3-2: Ground out 4-3 (Groundball, 34)
|
Top of the 1st over - 3 run(s), 4 hit(s), 1 error(s), 1 left on base; Santa Monica 3 - Redwood City 0 |
BOTTOM OF THE 1ST |
Redwood City Redwoods batting - Pitching for Santa Monica Bruins : LHP Sloan Sanders
|
Pitching: LHP Sloan Sanders
|
|
Batting: RHB Robert Downing
|
0-0: Ball 1-0: Foul Ball, location: 2F 1-1: Foul Ball, location: 2F 1-2: Foul Ball, location: 2F 1-2: Strikes out swinging
|
Batting: RHB Anastasio García
|
0-0: Foul Ball, location: 2F 0-1: Foul Ball, location: 2F 0-2: Ball 1-2: Strikes out looking
|
Batting: RHB Bob Campbell
|
0-0: Ball 1-0: Ball 2-0: TRIPLE (Line Drive, 78XD)
|
Batting: LHB Arthur Hall
|
0-0: Ball 1-0: Called Strike 1-1: Foul Ball, location: 2F 1-2: Ball 2-2: Ball 3-2: Foul Ball, location: 2F 3-2: Foul Ball, location: 2F 3-2: Strikes out looking
|
Bottom of the 1st over - 0 run(s), 1 hit(s), 0 error(s), 1 left on base; Santa Monica 3 - Redwood City 0 |
TOP OF THE 2ND |
Santa Monica Bruins batting - Pitching for Redwood City Redwoods : RHP Manabu Mizuno
|
Batting: RHB António López
|
0-0: SINGLE (Flyball, 89S)
|
Batting: RHB Bonifacio Torres
|
0-0: Called Strike 0-1: Fly out, F8 (Flyball, 78M)
|
Batting: LHB Francisco Medina
|
0-0: Ball António López is caught stealing 2nd base 1-0: Swinging Strike 1-1: Foul Ball, location: 2F 1-2: Strikes out swinging
|
Top of the 2nd over - 0 run(s), 1 hit(s), 0 error(s), 0 left on base; Santa Monica 3 - Redwood City 0 |
BOTTOM OF THE 2ND |
Redwood City Redwoods batting - Pitching for Santa Monica Bruins : LHP Sloan Sanders
|
Batting: LHB Patrick Bright
|
0-0: Called Strike 0-1: Swinging Strike 0-2: Fly out, F8 (Flyball, 8LS)
|
Batting: LHB Vicente Chávez
|
0-0: Called Strike 0-1: Ball 1-1: Called Strike 1-2: Strikes out swinging
|
Batting: LHB Bill McCraney
|
0-0: Foul Ball, location: 2F 0-1: Ball 1-1: Foul Ball, location: 2F 1-2: Strikes out swinging, 2-3 out at first.
|
Bottom of the 2nd over - 0 run(s), 0 hit(s), 0 error(s), 0 left on base; Santa Monica 3 - Redwood City 0 |
TOP OF THE 3RD |
Santa Monica Bruins batting - Pitching for Redwood City Redwoods : RHP Manabu Mizuno
|
Batting: RHB Roberto Cruz
|
0-0: Fly out, F3 (Flyball, 3DF)
|
Now at 1B: Carlos Gonzáles
|
|
Batting: RHB Alfredo López
|
0-0: Called Strike 0-1: Ball 1-1: Fly out, F8 (Flyball, 8LS)
|
Batting: SHB Ken Hernández
|
0-0: Ball 1-0: Fly out, F3 (Popup, 34S)
|
Top of the 3rd over - 0 run(s), 0 hit(s), 0 error(s), 0 left on base; Santa Monica 3 - Redwood City 0 |
BOTTOM OF THE 3RD |
Redwood City Redwoods batting - Pitching for Santa Monica Bruins : LHP Sloan Sanders
|
Batting: LHB Dave Lee
|
0-0: Called Strike 0-1: Ball 1-1: Swinging Strike 1-2: Foul Ball, location: 2F 1-2: Foul Ball, location: 2F 1-2: Ball 2-2: Foul Ball, location: 2F 2-2: Foul Ball, location: 2F 2-2: Strikes out looking
|
Batting: RHB David Strickland
|
0-0: Foul Ball, location: 2F 0-1: Ball 1-1: SOLO HOME RUN (Line Drive, 7D), Distance : 372 ft
|
Batting: RHB Robert Downing
|
0-0: SINGLE (Groundball, 34D)
|
Batting: RHB Anastasio García
|
0-0: Called Strike 0-1: Ball 1-1: Foul Ball, location: 2F 1-2: Strikes out swinging
|
Batting: RHB Bob Campbell
|
0-0: Ball 1-0: Swinging Strike 1-1: Ball 2-1: Ball 3-1: Foul Ball, location: 2F Pickoff Throw to First - Error! E1 Robert Downing to second 3-2: Foul Ball, location: 2F 3-2: Ground out 4-3 (Groundball, 4)
|
Bottom of the 3rd over - 1 run(s), 2 hit(s), 1 error(s), 1 left on base; Santa Monica 3 - Redwood City 1 |
TOP OF THE 4TH |
Santa Monica Bruins batting - Pitching for Redwood City Redwoods : RHP Manabu Mizuno
|
Batting: RHB Johnny Williams
|
0-0: Called Strike 0-1: Ground out 5-3 (Groundball, 56S)
|
Batting: LHB Ramiro Martínez
|
0-0: Ball 1-0: Bunted foul 1-1: Called Strike 1-2: Ball 2-2: Foul Ball, location: 2F 2-2: Foul Ball, location: 2F 2-2: Ball 3-2: Foul Ball, location: 2F 3-2: Ground out 6-3 (Groundball, 6)
|
Batting: SHB Chris Woods
|
0-0: Called Strike 0-1: Ball 1-1: Ball 2-1: SINGLE (Groundball, 4MD)
|
Batting: RHB António López
|
0-0: Ball 1-0: Called Strike 1-1: Ball 2-1: Foul Ball, location: 2F 2-2: DOUBLE (Line Drive, 78D) Chris Woods to third
|
Batting: RHB Bonifacio Torres
|
0-0: Called Strike 0-1: Ball 1-1: Foul Ball, location: 2F 1-2: Strikes out swinging
|
Top of the 4th over - 0 run(s), 2 hit(s), 0 error(s), 2 left on base; Santa Monica 3 - Redwood City 1 |
BOTTOM OF THE 4TH |
Redwood City Redwoods batting - Pitching for Santa Monica Bruins : LHP Sloan Sanders
|
Batting: LHB Arthur Hall
|
0-0: Ball 1-0: SINGLE (Groundball, 4MD)
|
Batting: LHB Patrick Bright
|
0-0: Ball 1-0: Foul Ball, location: 2F 1-1: Foul Ball, location: 2F 1-2: Ball 2-2: Ball 3-2: Strikes out swinging Arthur Hall is caught stealing 2nd base Batter strikes out.
|
Batting: RHB Carlos Gonzáles
|
0-0: Ball 1-0: Called Strike 1-1: Foul Ball, location: 2F 1-2: Ball 2-2: Ball 3-2: Base on Balls
|
Batting: LHB Bill McCraney
|
0-0: Ball 1-0: Ball 2-0: Called Strike 2-1: 2-RUN HOME RUN (Line Drive, 9D), Distance : 357 ft
|
Batting: LHB Dave Lee
|
0-0: Swinging Strike 0-1: Swinging Strike 0-2: Ball 1-2: Fly out, F6 (Line Drive, 6S)
|
Bottom of the 4th over - 2 run(s), 2 hit(s), 0 error(s), 0 left on base; Santa Monica 3 - Redwood City 3 |
TOP OF THE 5TH |
Santa Monica Bruins batting - Pitching for Redwood City Redwoods : RHP Manabu Mizuno
|
Batting: LHB Francisco Medina
|
0-0: Called Strike 0-1: Ball 1-1: Ball 2-1: Called Strike 2-2: Fly out, F8 (Flyball, 89D)
|
Batting: RHB Roberto Cruz
|
0-0: Ball 1-0: Bunt missed! 1-1: Ground out 5-3 (Groundball, 56)
|
Batting: RHB Alfredo López
|
0-0: Ball 1-0: Ball 2-0: Ball 3-0: Called Strike 3-1: Swinging Strike 3-2: Base on Balls
|
Batting: SHB Ken Hernández
|
0-0: Ball 1-0: Swinging Strike 1-1: Foul Ball, location: 2F 1-2: Ball 2-2: Strikes out swinging
|
Top of the 5th over - 0 run(s), 0 hit(s), 0 error(s), 1 left on base; Santa Monica 3 - Redwood City 3 |
BOTTOM OF THE 5TH |
Redwood City Redwoods batting - Pitching for Santa Monica Bruins : LHP Sloan Sanders
|
Batting: RHB David Strickland
|
0-0: Called Strike 0-1: Foul Ball, location: 2F 0-2: Ball 1-2: DOUBLE (Line Drive, 7LS)
|
Batting: RHB Robert Downing
|
0-0: Called Strike 0-1: Ball 1-1: Ground out 5-3 (Groundball, 56S) David Strickland to third
|
Batting: RHB Anastasio García
|
0-0: Ball 1-0: Foul Ball, location: 2F 1-1: Fly out, F4 (Popup, 34D)
|
Batting: RHB Bob Campbell
|
0-0: Intentional Walk
|
Batting: LHB Arthur Hall
|
0-0: Called Strike 0-1: Ball 1-1: Fly out, F3 (Line Drive, 3L)
|
Bottom of the 5th over - 0 run(s), 1 hit(s), 0 error(s), 2 left on base; Santa Monica 3 - Redwood City 3 |
TOP OF THE 6TH |
Santa Monica Bruins batting - Pitching for Redwood City Redwoods : RHP Manabu Mizuno
|
Batting: RHB Johnny Williams
|
0-0: Called Strike 0-1: Ball 1-1: Ball 2-1: Ball 3-1: Foul Ball, location: 2F 3-2: Foul Ball, location: 2F 3-2: DOUBLE (Line Drive, 9LM)
|
Batting: LHB Ramiro Martínez
|
0-0: Swinging Strike 0-1: Ball 1-1: Fly out, F8 (Flyball, 8RD) Runner from 2nd tags up, SAFE at 3rd, no throw
|
Batting: SHB Chris Woods
|
0-0: Ball 1-0: Ball 2-0: Called Strike 2-1: Ground out U3 (Groundball, 34S) Johnny Williams scores
|
Batting: RHB António López
|
0-0: Called Strike 0-1: Called Strike 0-2: Foul Ball, location: 2F 0-2: Ball 1-2: Fly out, F4 (Line Drive, 34)
|
Top of the 6th over - 1 run(s), 1 hit(s), 0 error(s), 0 left on base; Santa Monica 4 - Redwood City 3 |
BOTTOM OF THE 6TH |
Redwood City Redwoods batting - Pitching for Santa Monica Bruins : LHP Sloan Sanders
|
Batting: LHB Patrick Bright
|
0-0: Fly out, F9 (Flyball, 9S)
|
Batting: RHB Carlos Gonzáles
|
0-0: Called Strike 0-1: Ground out 3-1 (Groundball, 34)
|
Batting: LHB Bill McCraney
|
0-0: Ball 1-0: Foul Ball, location: 2F 1-1: Called Strike 1-2: Strikes out swinging
|
Bottom of the 6th over - 0 run(s), 0 hit(s), 0 error(s), 0 left on base; Santa Monica 4 - Redwood City 3 |
TOP OF THE 7TH |
Santa Monica Bruins batting - Pitching for Redwood City Redwoods : RHP Manabu Mizuno
|
Pitching: RHP Johnny Bryant
|
|
Batting: RHB Bonifacio Torres
|
0-0: Called Strike 0-1: Called Strike 0-2: Ball 1-2: Ball 2-2: Ground out 6-3 (Groundball, 6)
|
Batting: LHB Francisco Medina
|
0-0: Ball 1-0: Ball 2-0: Swinging Strike 2-1: Foul Ball, location: 2F 2-2: Ball 3-2: Strikes out swinging
|
Batting: RHB Roberto Cruz
|
0-0: Ground out 6-3 (Groundball, 56D)
|
Top of the 7th over - 0 run(s), 0 hit(s), 0 error(s), 0 left on base; Santa Monica 4 - Redwood City 3 |
BOTTOM OF THE 7TH |
Redwood City Redwoods batting - Pitching for Santa Monica Bruins : LHP Sloan Sanders
|
Pitching: LHP Don Sutherland
|
|
Now at 2B: Ernest Russell
|
|
Batting: LHB Dave Lee
|
0-0: Fly out, F8 (Line Drive, 8RS)
|
Batting: RHB David Strickland
|
0-0: Ball 1-0: Swinging Strike 1-1: Swinging Strike 1-2: Ball 2-2: Strikes out swinging
|
Batting: RHB Robert Downing
|
0-0: Swinging Strike 0-1: DOUBLE (Line Drive, 9LM)
|
Batting: RHB Anastasio García
|
0-0: Called Strike 0-1: SINGLE (Groundball, 34D) Robert Downing to third Runner from 3rd tries for Home, throw and OUT!
|
Bottom of the 7th over - 0 run(s), 2 hit(s), 0 error(s), 1 left on base; Santa Monica 4 - Redwood City 3 |
TOP OF THE 8TH |
Santa Monica Bruins batting - Pitching for Redwood City Redwoods : RHP Johnny Bryant
|
Batting: RHB Alfredo López
|
0-0: Ball 1-0: Called Strike 1-1: Ball 2-1: Foul Ball, location: 2F 2-2: SINGLE (Line Drive, 6MD)
|
Batting: SHB Ken Hernández
|
0-0: SINGLE (Groundball, 34D) Alfredo López to second Runner from 2nd tries for 3rd, SAFE, no throw
|
Batting: RHB Johnny Williams
|
0-0: Called Strike 0-1: SINGLE (Flyball, 89S) Alfredo López scores Ken Hernández to second Runner from 2nd tries for 3rd, SAFE, throw made to third Johnny Williams to second
|
Pinch Hitting: RHB Luis Martínez
|
0-0: Intentional Walk
|
Batting: SHB Chris Woods
|
0-0: Foul Ball, location: 2F 0-1: Ball 1-1: Called Strike 1-2: Ball 2-2: Strikes out swinging
|
Pinch Hitting: LHB Ken Phillips
|
0-0: Ball 1-0: Foul Ball, location: 2F 1-1: Swinging Strike 1-2: Ball Wild Pitch! Ken Hernández scores Johnny Williams to third Luis Martínez to second 2-2: Ball 3-2: Intentional Walk
|
Pitching: RHP Domingo Franco
|
|
Batting: RHB Bonifacio Torres
|
0-0: Ball 1-0: Grounds into fielders choice 5-2 (Groundball, 56S) Luis Martínez to third Ken Phillips to second
|
Pinch Hitting: RHB Pablo Peńa
|
0-0: Swinging Strike 0-1: Foul Ball, location: 2F 0-2: Strikes out looking
|
Top of the 8th over - 2 run(s), 3 hit(s), 0 error(s), 3 left on base; Santa Monica 6 - Redwood City 3 |
BOTTOM OF THE 8TH |
Redwood City Redwoods batting - Pitching for Santa Monica Bruins : LHP Don Sutherland
|
Now at 2B: Gilberto Guzmán
|
|
Now in LF: Ricardo Guzmán
|
|
Now in RF: Ken Phillips
|
|
Batting: RHB Bob Campbell
|
0-0: Ground out 5-3 (Groundball, 5L)
|
Now in RF: Marty Hendrickson
|
|
Batting: LHB Arthur Hall
|
0-0: Called Strike 0-1: Foul Ball, location: 2F 0-2: Ball 1-2: Foul Ball, location: 2F 1-2: SINGLE (Line Drive, 6M)
|
Batting: LHB Patrick Bright
|
0-0: Foul Ball, location: 2F 0-1: Called Strike 0-2: Ball 1-2: Ball 2-2: Foul Ball, location: 2F 2-2: Ball 3-2: Strikes out looking
|
Pitching: RHP Mario Chávez
|
|
Batting: RHB Carlos Gonzáles
|
0-0: Called Strike 0-1: Ball 1-1: Ball 2-1: Ball 3-1: Foul Ball, location: 2F 3-2: Base on Balls Arthur Hall to second
|
Batting: LHB Bill McCraney
|
0-0: SINGLE (Groundball, 34) (infield hit) Arthur Hall to third Carlos Gonzáles to second
|
Pinch Hitting: LHB Frank Young
|
0-0: Called Strike 0-1: Foul Ball, location: 2F 0-2: Strikes out looking
|
Bottom of the 8th over - 0 run(s), 2 hit(s), 0 error(s), 3 left on base; Santa Monica 6 - Redwood City 3 |
TOP OF THE 9TH |
Santa Monica Bruins batting - Pitching for Redwood City Redwoods : RHP Domingo Franco
|
Now at 1B: Frank Young
|
|
Batting: RHB Roberto Cruz
|
0-0: Called Strike 0-1: Called Strike 0-2: Ball 1-2: Ball 2-2: Foul Ball, location: 2F 2-2: Foul Ball, location: 2F 2-2: Ground out U3 (Groundball, 34)
|
Batting: RHB Alfredo López
|
0-0: Ball 1-0: Called Strike 1-1: Ball 2-1: Foul Ball, location: 2F 2-2: Ball 3-2: Foul Ball, location: 2F 3-2: Base on Balls
|
Batting: SHB Ken Hernández
|
0-0: Ball 1-0: SINGLE (Line Drive, 34) Alfredo López to second Runner from 2nd tries for 3rd, SAFE, no throw
|
Batting: RHB Johnny Williams
|
0-0: Ball 1-0: Foul Ball, location: 2F 1-1: Fly out, F3 (Line Drive, 3S)
|
Batting: RHB Marty Hendrickson
|
0-0: Swinging Strike 0-1: Swinging Strike 0-2: Ball 1-2: Ball 2-2: Foul Ball, location: 2F 2-2: Strikes out swinging
|
Top of the 9th over - 0 run(s), 1 hit(s), 0 error(s), 2 left on base; Santa Monica 6 - Redwood City 3 |
BOTTOM OF THE 9TH |
Redwood City Redwoods batting - Pitching for Santa Monica Bruins : RHP Mario Chávez
|
Pitching: RHP Keith Harper
|
|
Batting: RHB David Strickland
|
0-0: Called Strike 0-1: Foul Ball, location: 2F 0-2: Foul Ball, location: 2F 0-2: Foul Ball, location: 2F 0-2: Strikes out looking
|
Batting: RHB Robert Downing
|
0-0: Ball 1-0: Foul Ball, location: 2F 1-1: Foul Ball, location: 2F 1-2: Ball 2-2: Ball 3-2: Strikes out swinging
|
Batting: RHB Anastasio García
|
0-0: Called Strike 0-1: Ball 1-1: Ball 2-1: Ball 3-1: Foul Ball, location: 2F 3-2: Strikes out swinging
|
Bottom of the 9th over - 0 run(s), 0 hit(s), 0 error(s), 0 left on base; Santa Monica 6 - Redwood City 3 |
|